AoeStats
← AiM | CanvaL

Golden Pit

509099341Analyzed
1v1 RM · 7d ago on Sep 25, 2026· 43m 5s· 2 players
Game mode
Random Map
Map size
Tiny (2 player)
Population
200
Speed
Normal
Resources
Standard
Victory
Conquest
Starting age
Dark Age
Ending age
Imperial Age
RankedLock teamsTeams togetherTeam positionsShared explorationLock speedFull tech treeHidden civsTurbo modeCheats
Victory
Defeat
🇨🇱 Hindustanis · Chile
1512
+18
🇺🇦 Franks · Ukraine
1561
-18
AiM | CanvaL
6:05 Loom
8:45 Feudal Age
10:14 Double-Bit Axe
22:00 Castle Age
20:20 Padded Archer Armor
20:26 Fletching
21:41 Bloodlines
21:23 Gold Mining
21:14 Horse Collar
23:24 Bodkin Arrow
23:45 Padded Archer Armor
23:50 Husbandry
24:04 Bow Saw
31:54 Thumb Ring
39:17 Imperial Age
36:54 Scale Barding Armor
36:59 Forging
38:45 Town Watch
40:02 Forging
40:13 Chain Barding Armor
41:37 Grand Trunk Road
41:49 Scale Mail Armor
42:21 Coinage
42:30 Plate Barding Armor
43:46 Chemistry
43:53 Iron Casting
42:45 Light Cavalry
43:49 Conscription
Mugen
11:33 Feudal Age
14:17 Loom
25:25 Castle Age
23:33 Double-Bit Axe
24:10 Fletching
25:23 Scale Mail Armor
27:09 Elite Skirmisher
28:13 Bodkin Arrow
30:43 Padded Archer Armor
33:09 Bow Saw
35:17 Wheelbarrow
41:52 Imperial Age
40:47 Chain Mail Armor
40:42 Forging
40:51 Masonry
41:19 Squires
40:41 Pikeman
42:24 Hand Cart
Connection lost

Rejoining the realm…

Still unreachable

The connection could not be restored.

Session expired

The server has moved on; the page needs a fresh start.